 Dungeon Crawl Stone Soup version 0.19.5 (webtiles) character file.

251 equalderp2856 the Scratcher (level 5, 0/36 HPs)
             Began as a Felid Fighter on Mar 27, 2017.
             Slain by a centaur (6 damage)
             ... on level 5 of the Dungeon.
             The game lasted 00:12:48 (5364 turns).

equalderp2856 the Scratcher (Felid Fighter)         Turns: 5364, Time: 00:12:49

Health: 0/36       AC: 22    Str: 13    XL:     5   Next: 88%
Magic:  6/6        EV:  4    Int:  9    God:
Gold:   278        SH:  0    Dex: 17    Spells: 0 memorised, 4 levels left
                                        Lives:  0   Deaths: 1

rFire  . . .     SeeInvis +       - Unarmed
rCold  . . .     Gourm    +     (armour unavailable)
rNeg   + + +     Faith    .     (shield unavailable)
rPois  +         Spirit   .     (helmet unavailable)
rElec  .         Reflect  .     (cloak unavailable)
rCorr  .         Harm     .     (gloves unavailable)
MR     .....     NoTele   +     (boots unavailable)
Stlth  ++++......               t - amulet of the gourmand
                                (no ring)
                                p - ring of stealth

@: tree-form
A: no armour, no weapons or thrown items, stealth, (claws 0), (fangs 0), see
invisible, carnivore 3, (speed 0), (shaggy fur 0), slow metabolism 1, (sharp
paws)
a: no special abilities


You were on level 5 of the Dungeon.
You were not hungry.
You were a tree.
You visited 1 branch of the dungeon, and saw 5 of its levels.

You collected 278 gold pieces.

Inventory:

Missiles
 u - 71 arrows
Jewellery
 m - a +2 amulet of reflection
 p - a ring of stealth (left branch)
 t - an amulet of the gourmand (around neck)
Scrolls
 c - 5 scrolls of remove curse
 e - 3 scrolls of teleportation {unknown}
 f - a scroll of enchant weapon {unknown}
 k - a scroll of random uselessness {unknown}
 n - 3 scrolls of identify {unknown}
 s - a scroll of fear {unknown}
Potions
 a - a potion of might
 d - 2 potions of curing {unknown}
 g - a potion of mutation {unknown}
 h - a potion of flight {unknown}
 i - a potion of invisibility {unknown}
 j - a potion of brilliance {unknown}
 o - a potion of ambrosia {unknown}
 q - a potion of lignification
Comestibles
 b - 4 meat rations
 l - 2 beef jerkies
 r - 2 bread rations


   Skills:
 + Level 3.4 Fighting
 + Level 5.5 Dodging
 + Level 4.2 Stealth
 + Level 6.8 Unarmed Combat


You had 4 spell levels left.
You didn't know any spells.

Dungeon Overview and Level Annotations

Branches:
Dungeon (5/15)
 Temple: D:4-7

Altars:
Gozag
Kikubaaqudgha
Nemelex Xobeh
Qazlal
Ru
Sif Muna
Uskayaw
Vehumet
Xom


Innate Abilities, Weirdness & Mutations

You cannot wear armour.
You are incapable of wielding weapons or throwing items.
Your paws allow you to move quietly. (Stealth)
((You have sharp claws.))
((You have razor-sharp teeth.))
You have supernaturally acute eyesight. (SInv)
You are carnivorous and can eat meat at any time.
((You cover ground quickly.))
((You are covered in thick fur. (AC +2)))
You have a slow metabolism.
((Your sharp claws are effective at attacking unaware monsters.))


Message History

You die...
You are now level 5!
You rejoin the land of the living...
There is an open door here.
The centaur wields a shortbow.
The centaur shoots an arrow.
The arrow closely misses you.
You see here an arrow.
The centaur unwields an uncursed shortbow.
The centaur hits you.
You scratch the centaur but do no damage.
The centaur hits you.
You scratch the centaur. You claw the centaur.
The centaur is heavily wounded.
The centaur hits you!
* * * LOW HITPOINT WARNING * * *
It was a potion of lignification.
You turn into a tree.
Your roots penetrate the ground.
The centaur hits you but does no damage.
The centaur hits you.
You die...

#.#..##..#..##.....?........#
#...........#.#.#.#.#.#.#.#.##
###..#####.........<.........#
#.........#.#.#.#.#.#.#.#.##
##...............†.........#
##########.#.#.#.#.#.#.#.##
#.....s...........#
##[#.#c#.#.#.#.#.##
####♣####.##### #
#(.###.###########
#...##.##......... #####
###'#####'#######.
######...#####...# #...### #.
#.....###.##.#...# #...#.####.
#.....#......#...# #...#...##.
##.......##.#.#...#
#...#......
#......####.###...#
#...###.##.


You could see a centaur and a scorpion.

Vanquished Creatures
  A centaur (D:5)
  A scorpion (D:5)
  A vampire bat (D:5)
  A hound (D:4)
  3 orc wizards (D:5)
  A worker ant (D:4)
  2 hound skeletons (D:4)
  A worker ant zombie (D:5)
  5 adders
  3 oozes
  An adder skeleton (D:5)
  2 worms (D:2)
  A dart slug (D:2)
  7 leopard geckos
  9 orcs
  3 giant cockroaches
  6 goblins
  6 hobgoblins
  5 kobolds
  4 ball pythons
  14 bats
  3 frilled lizards
  A leopard gecko zombie (D:5)
  5 rats
86 creatures vanquished.

Notes
Turn   | Place    | Note
-------+----------+-------------------------------------------
     0 | D:1      | equalderp2856 the Felid Fighter began the quest for the Orb.
     0 | D:1      | Reached XP level 1. HP: 10/10 MP: 2/2
   596 | D:1      | Reached XP level 2. HP: 14/14 MP: 3/3
  1359 | D:2      | Reached XP level 3. HP: 17/17 MP: 4/4
  1999 | D:3      | Reached skill level 1 in Stealth
  1999 | D:3      | Reached XP level 4. HP: 17/21 MP: 5/5
  2024 | D:3      | Reached skill level 5 in Unarmed Combat
  2051 | D:3      | Found a radiant altar of Vehumet.
  2053 | D:3      | Found a sacrificial altar of Ru.
  2091 | D:3      | Found a deep blue altar of Sif Muna.
  2092 | D:3      | Found an opulent altar of Gozag.
  2208 | D:3      | Found a sparkling altar of Nemelex Xobeh.
  2211 | D:3      | Found a hide-covered altar of Uskayaw.
  2216 | D:3      | Found a stormy altar of Qazlal.
  2220 | D:3      | Found an ancient bone altar of Kikubaaqudgha.
  2282 | D:3      | Found a shimmering altar of Xom.
  2285 | D:3      | Found a shimmering altar of Xom.
  2946 | D:4      | Reached XP level 5. HP: 24/24 MP: 6/6
  3320 | D:4      | Reached skill level 5 in Dodging
  3597 | D:5      | Entered Level 5 of the Dungeon
  3684 | D:5      | Noticed a centaur
  3686 | D:5      | Killed a centaur
  3686 | D:5      | Reached skill level 6 in Unarmed Combat
  3686 | D:5      | Gained mutation: You are covered in thick fur. (AC +2) [Felid growth]
  3686 | D:5      | Reached XP level 6. HP: 28/28 MP: 7/7
  5353 | D:5      | Slain by an ogre
  5354 | D:5      | Reached XP level 5. HP: -4/24 MP: 6/6
  5364 | D:5      | Slain by a centaur

Skill      XL: |  1  2  3  4  5  6 |
---------------+-------------------+-----
Stealth        | 1 2 3 4 |  4.2
Unarmed Combat | 5 6 |  6.8
Dodging        | 5 |  5.5
Fighting       | |  3.4

Action                   |  1- 3 |  4- 6 || total
-------------------------+-------+-------++-------
Melee: Unarmed           |    88 |   155 ||   243
       Punch             |     2 |     5 ||     7
       Bite              |     4 |    15 ||    19
  Use: Scroll            |       |     1 ||     1
       Potion            |       |     1 ||     1
 Stab: Sleeping          |     6 |     9 ||    15
  Eat: Chunk             |     5 |     7 ||    12
Armor: Skin              |     5 |    14 ||    19
Dodge: Dodged            |    58 |   140 ||   198
Block: Other             |       |     1 ||     1
